 Dungeon Crawl Stone Soup version 0.17-a0-776-gd86b262 (webtiles) character file.

1862 karvarausku the Martial Artist (level 8, -1/94 HPs)
             Began as a Black Draconian Monk on Apr 24, 2015.
             Was a Priest of Okawaru.
             Slain by a gnoll
             ... wielding a +0 club
              (2 damage)
             ... on level 5 of the Dungeon.
             The game lasted 00:17:52 (6002 turns).

karvarausku the Martial Artist (DrMo)               Turns: 6002, Time: 00:17:52

Health: -1/94      AC:  8    Str: 18    XL:     8   Next: 90%
Magic:  8/8        EV: 13    Int: 15    God:    Okawaru [***...]
Gold:   336        SH:  0    Dex: 16    Spells: 0 memorised, 7 levels left

rFire  . . .     SeeInvis .       - Unarmed
rCold  . . .     Clarity  .     (armour unavailable)
rNeg   . . .     SustAb   .     (no shield)
rPois  .         Gourm    .     (helmet restricted)
rElec  +         Spirit   .     H - +1 cloak (curse)
rCorr  .         Warding  .     (no gloves)
rMut   .         Stasis   .     (no boots)
MR     .....                    (no amulet)
Stlth  ..........               h - ring of invisibility (curse)
                                y - +4 ring of intelligence (curse)

@: berserking, very quick, not resistant to hostile enchantments, extremely
unstealthy
A: breathe lightning, unfitting armour, electricity resistance, cold-blooded, AC
+6
a: Breathe Lightning, Heroism, Renounce Religion, Evoke Invisibility


You were on level 5 of the Dungeon.
You worshipped Okawaru.
Okawaru was most pleased with you.
You were hungry.

You visited 1 branch of the dungeon, and saw 6 of its levels.
You also visited: Ossuary.

You collected 336 gold pieces.

Inventory:

Hand weapons
 l - a +0 spear of piercing
 x - a +1 quarterstaff of speed
 B - a cursed +0 antimagic trident
Missiles
 n - 5 needles of confusion
 q - 3 curare-tipped needles
 v - 2 exploding tomahawks
 D - a throwing net (quivered)
 G - 14 poisoned needles
Armour
 j - a +1 chain mail of cold resistance
 H - a cursed +1 cloak (worn)
Jewellery
 g - a cursed ring of sustain abilities
 h - a cursed ring of invisibility (right hand)
 t - a cursed ring of teleportation
 y - a cursed +4 ring of intelligence (left hand)
 E - a cursed ring of protection from cold
Magical devices
 o - a wand of digging (14)
 F - a wand of slowing (31)
Scrolls
 b - 6 scrolls of enchant armour {unknown}
 c - a scroll of immolation {unknown}
 d - 3 scrolls of magic mapping {unknown}
 e - 3 scrolls of teleportation
 k - 5 scrolls of identify
 m - 4 scrolls of enchant weapon {unknown}
 z - 4 scrolls of remove curse
 J - a scroll of amnesia
Potions
 f - a potion of resistance {unknown}
 i - 5 potions of brilliance
 r - 2 potions of magic {unknown}
 s - a potion of cancellation
 u - 2 potions of heal wounds {unknown}
 A - 2 potions of flight
 I - a potion of poison {unknown}
 L - a potion of restore abilities {unknown}
 M - 4 potions of haste {unknown}
Comestibles
 a - 3 bread rations
 p - 2 royal jellies
 w - 2 meat rations
 C - a slice of pizza


   Skills:
 - Level 3.2 Fighting
 - Level 2.6 Dodging
 - Level 1.7 Stealth
 + Level 12.0 Unarmed Combat


You had 7 spell levels left.
You didn't know any spells.

Dungeon Overview and Level Annotations

Branches:
Dungeon (6/15)
 Temple: D:4-7

Altars:
Ashenzari
Dithmenos
Elyvilon
Okawaru
Xom


Innate Abilities, Weirdness & Mutations

You can breathe wild blasts of lightning.
Your glossy black scales are hard (AC +6).
Your body does not fit into most forms of armour.
You are resistant to electric shocks.
You are cold-blooded and may be slowed by cold attacks.


Message History

Okawaru accepts your kill. The gnoll hits you with a club.
* * * LOW HITPOINT WARNING * * *
You hit the gnoll.
You tail-slap the gnoll, but do no damage.
The gnoll is moderately wounded.
The gnoll hits you but does no damage.
You completely miss the gnoll.
The gnoll is lightly wounded.
You punch the gnoll!
The gnoll is severely wounded.
The gnoll hits you with a club!
* * * LOW HITPOINT WARNING * * *
Read which item? (? for menu, Esc to quit)
Okay, then.
Drink which item? (? for menu, Esc to quit)
A red film seems to cover your vision as you go berserk!
You feel yourself moving faster!
You feel mighty! The gnoll hits you with a club.
You die...

.#
#..)>..##..##
.#
#......##...#
.#
#......###..##
.#
#.......##...#
.#
#####...##...#
.# #...###..#
.### #...#
#..# ...#
#...####)##
##.#
#.......g@#
...#
#...#######
#### #...#
#####


You could see a gnoll.

Vanquished Creatures
  Pikel (D:5)
  Grinder (D:5)
  4 slaves (D:5)
  A phantom (D:5)
  2 centaurs (D:5)
  Blork the orc (D:5)
  A giant frog (D:6)
  A scorpion (D:4)
  A hound (D:6)
  An orc priest (D:5)
  An orc wizard (D:4)
  2 centaur zombies (Ossuary)
  Ijyb (D:2)
  A jelly (D:6)
  6 worker ants
  3 ogre zombies (Ossuary)
  7 mummies (Ossuary)
  5 gnolls
  6 adders
  A shadow imp (D:5)
  An ooze (D:3)
  An adder skeleton (D:6)
  4 adder zombies (Ossuary)
  2 worms
  3 giant geckos
  12 orcs
  5 ball pythons
  18 bats
  A gnoll zombie (Ossuary)
  9 hobgoblins
  11 jackals
  5 kobolds
  2 quokkas
  A ball python skeleton (D:4)
  10 giant cockroaches
  2 giant newts
  9 goblins
  5 goblin zombies (Ossuary)
  5 hobgoblin zombies (Ossuary)
  2 kobold zombies (Ossuary)
  A quokka skeleton (D:4)
  4 quokka zombies (Ossuary)
  8 rats
  4 rat zombies (Ossuary)
172 creatures vanquished.

Vanquished Creatures (others)
  A plant (D:4)
1 creature vanquished.

Grand Total: 173 creatures vanquished

Notes
Turn   | Place    | Note
--------------------------------------------------------------
     0 | D:1      | karvarausku, the Draconian Monk, began the quest for the Orb.
     0 | D:1      | Reached XP level 1. HP: 19/19 MP: 1/1
   143 | D:1      | Reached XP level 2. HP: 19/26 MP: 2/2
   910 | D:2      | Reached skill level 5 in Unarmed Combat
   910 | D:2      | Reached XP level 3. HP: 20/31 MP: 3/3
  1168 | D:2      | Found a shattered altar of Ashenzari.
  1169 | D:2      | Noticed Ijyb
  1187 | D:2      | Killed Ijyb
  1187 | D:2      | Reached XP level 4. HP: 11/38 MP: 4/4
  1884 | D:3      | Reached skill level 6 in Unarmed Combat
  2520 | D:2      | Reached XP level 5. HP: 16/45 MP: 5/5
  2752 | D:3      | Found a white marble altar of Elyvilon.
  3156 | D:4      | Reached skill level 7 in Unarmed Combat
  3544 | D:4      | Reached XP level 6. HP: 21/51 MP: 6/6
  3893 | D:4      | Found a shadowy altar of Dithmenos.
  3915 | D:4      | Found an iron altar of Okawaru.
  3915 | D:4      | Found a shimmering altar of Xom.
  4032 | D:4      | Reached skill level 8 in Unarmed Combat
  4302 | D:4      | Became a worshipper of Warmaster Okawaru
  4302 | D:4      | Acquired Okawaru's first power
  4325 | D:5      | Entered Level 5 of the Dungeon
  4405 | D:5      | Your scales start taking on a glossy black colour.
  4405 | D:5      | Gained mutation: You are resistant to electric shocks. [Black Draconian growth]
  4405 | D:5      | Reached XP level 7. HP: 41/57 MP: 7/7
  4423 | D:5      | Noticed Pikel
  4424 | D:5      | Noticed Grinder
  4575 | D:5      | Killed Grinder
  4575 | D:5      | Reached skill level 9 in Unarmed Combat
  4816 | D:5      | Killed Pikel
  4816 | D:5      | Reached skill level 10 in Unarmed Combat
  4816 | D:5      | Reached XP level 8. HP: 63/63 MP: 8/8
  5104 | D:5      | Reached skill level 11 in Unarmed Combat
  5219 | D:5      | Noticed Blork the orc
  5224 | D:5      | Killed Blork the orc
  5492 | D:6      | Found a sand-covered staircase.
  5521 | Ossuary  | Entered an ossuary
  5656 | Ossuary  | Received a gift from Okawaru
  5980 | D:6      | Reached skill level 12 in Unarmed Combat
  6001 | D:5      | HP: 1/63 [gnoll/club (11)]
  6002 | D:5      | Slain by a gnoll

Action                   |  1- 3 |  4- 6 |  7- 9 || total
-------------------------+-------+-------+-------++-------
Melee: Unarmed           |   124 |   262 |   257 ||   643
Throw: Throwing net      |       |       |     1 ||     1
Invok: Heroism           |       |       |     2 ||     2
 Abil: Evoke Invisibilit |       |     1 |       ||     1
Evoke: Wand              |       |     1 |       ||     1
  Use: Potion            |       |     1 |     2 ||     3
       Scroll            |       |     5 |     4 ||     9
 Stab: Sleeping          |     3 |     6 |     7 ||    16
       Held in net/web   |       |       |     2 ||     2
       Distracted        |       |       |     1 ||     1
  Eat: Chunk             |     1 |    11 |     4 ||    16
       Beef jerky        |       |       |     1 ||     1
